 Dungeon Crawl Stone Soup version 0.18-a0-1193-gb7aa92a (webtiles) character file.

90 Oddball22 the Magician (level 4, -1/27 HPs)
             Began as an Octopode Wizard on Jan 29, 2016.
             Slain by an adder (4 damage)
             ... on level 3 of the Dungeon.
             The game lasted 00:08:05 (2952 turns).

Oddball22 the Magician (Octopode Wizard)            Turns: 2952, Time: 00:08:06

Health: -1/27      AC:  1    Str:  6    XL:     4   Next: 56%
Magic:  4/10       EV: 12    Int: 21    God:
Gold:   91         SH:  0    Dex: 10    Spells: 5 memorised, 2 levels left

rFire  . . .     SeeInvis .     p - staff of earth
rCold  + . .     Gourm    .     (no shield)
rNeg   . . .     Faith    .     a - +0 hat
rPois  .         Spirit   .     (no amulet)
rElec  .         Dismiss  .     n - ring of protection from cold
rCorr  .         Reflect  .     (no ring)
SustAt .         Harm     .     (no ring)
MR     .....                    (no ring)
Stlth  +++.......               (no ring)
                                (no ring)
                                (no ring)
                                (no ring)

@: lethally poisoned (-1 -> -3), very slightly contaminated, not resistant to
hostile enchantments, fairly stealthy
A: almost no armour, amphibious, 8 rings, constrict 8, camouflage 1, gelatinous
body 1
a: no special abilities


You were on level 3 of the Dungeon.
You were not hungry.

You visited 1 branch of the dungeon, and saw 3 of its levels.

You collected 91 gold pieces.

Inventory:

Armour
 a - a +0 hat (worn)
Magical Staves
 p - an uncursed staff of earth (weapon)
Jewellery
 n - a ring of protection from cold (left tentacle)
Scrolls
 f - a scroll of amnesia {unknown}
 g - a scroll of immolation {unknown}
 h - 3 scrolls of enchant armour {unknown}
 j - a scroll of identify {unknown}
 m - 3 scrolls of remove curse {unknown}
 s - a scroll of teleportation {unknown}
 u - a scroll of fear {unknown}
Potions
 d - a potion of lignification {unknown}
 e - 2 potions of might {unknown}
 i - a potion of curing {unknown}
 l - a potion of resistance {unknown}
 o - 2 potions of poison {unknown}
 q - 2 potions of magic {unknown}
Books
 b - a book of Minor Magic

   Spells                             Type                      Level
   a - Magic Dart                     Conjuration                  1
   b - Blink                          Translocation                2
   c - Call Imp                       Summoning                    2
   d - Repel Missiles                 Charms/Air                   2
   e - Slow                           Hexes                        2
   f - Conjure Flame                  Conjuration/Fire             3
   g - Mephitic Cloud                 Conjuration/Poison/Air       3
Comestibles
 c - 2 bread rations
 k - 7 fruits
 r - a slice of pizza
 t - a chunk of flesh


   Skills:
 - Level 2.0 Dodging
 - Level 2.6 Stealth
 * Level 4.3 Spellcasting
 + Level 2.4 Conjurations
 - Level 1.0 Summonings
 - Level 1.0 Translocations


You had 2 spell levels left.
You knew the following spells:

 Your Spells              Type           Power        Failure   Level  Hunger
a - Magic Dart            Conj           ##..         4%          1    None
b - Blink                 Tloc           N/A          12%         2    #......
c - Call Imp              Summ           #.......     12%         2    #......
d - Repel Missiles        Chrm/Air       #.....       17%         2    #......
e - Slow                  Hex            #.......     17%         2    #......


Dungeon Overview and Level Annotations

Branches:
Dungeon (3/15)

Altars:
Cheibriados


Innate Abilities, Weirdness & Mutations

You cannot wear most types of armour.
You are amphibious.
You can wear up to eight rings at the same time.
You can use your tentacles to constrict eight enemies at once.
Your skin changes colour to match your surroundings (Stealth).
Your rubbery body absorbs attacks (AC +1).


Message History

The adder is severely wounded.
Casting: Magic Dart
Confirm with . or Enter, or press ? or * to list all spells.
Aiming: Magic Dart
Press: ? - help, Shift-Dir - straight line, f/p - adder
Aim: an adder (severely wounded)
The magic dart hits the adder.
The adder is severely wounded.
You feel sick.
Casting: Magic Dart
Confirm with . or Enter, or press ? or * to list all spells.
Aiming: Magic Dart
Press: ? - help, Shift-Dir - straight line, f/p - adder
Aim: an adder (severely wounded)
You miscast Magic Dart.
You are very lightly contaminated with residual magic.
Nothing appears to happen.
The adder bites you.
* * * LOW HITPOINT WARNING * * *
The adder bites you.
You die...

#.......##
#+# # #
#....#### #
#.#.#(## #
#.#..(# #
#.....####
####
##.......+
+...
####...####
####
#........#
#
#.###.##@#
# #. #S# #
#. #.# # #.
#.# #.# #.#
..# .#.


You could see an adder.

Vanquished Creatures
  3 adders
  A worm (D:2)
  2 giant geckos
  2 ball pythons (D:2)
  4 giant cockroaches
  11 goblins
  6 hobgoblins
  7 bats
  2 giant newts (D:1)
  12 kobolds
  6 rats
56 creatures vanquished.

Notes
Turn   | Place    | Note
--------------------------------------------------------------
     0 | D:1      | Oddball22 the Octopode Wizard began the quest for the Orb.
     0 | D:1      | Reached XP level 1. HP: 11/11 MP: 4/4
   279 | D:1      | Reached XP level 2. HP: 17/17 MP: 3/6
   319 | D:1      | Learned a level 2 spell: Blink
   322 | D:1      | Learned a level 2 spell: Call Imp
   325 | D:1      | Learned a level 2 spell: Repel Missiles
  1010 | D:1      | Reached XP level 3. HP: 21/21 MP: 2/8
  1053 | D:1      | Learned a level 2 spell: Slow
  1666 | D:2      | Reached skill level 4 in Spellcasting
  1834 | D:2      | Reached XP level 4. HP: 27/27 MP: 5/10
  2746 | D:3      | Found a snail-covered altar of Cheibriados.
  2952 | D:3      | Slain by an adder

Vault maps used:
D:1:      dpeg_arrival_chase, minmay_misc_feat_room
D:2:      serial_forest, infiniplex_forest_straight_4,
          infiniplex_forest_clump_medium, infiniplex_forest_clump_large,
          infiniplex_forest_lined_3, infiniplex_forest_straight_2,
          infiniplex_forest_straight_2, infiniplex_forest_lined_room_3
D:3:      first_bread, cheibriados_altar_1

Action                   |  1- 3 |  4- 6 || total
-------------------------+-------+-------++-------
Melee: Unarmed           |    14 |       ||    14
 Cast: Magic Dart        |    85 |    39 ||   124
  Eat: Chunk             |     3 |     3 ||     6
